Yendorling, chaotic male elven Priest ---------- |.........##################### ----------- ------ |........| ###..........| |....| |........| ###|..........###############.....| |........| ####-.........| |....| |.....<..| #### -|---|----- |....| ---------- ### # # ------ # ### ### ### # # # ##################### ---------------- ### -----.----############ |???????+????..| # |........| ----.-- |???.??.?.??.??| ### |........| |.....| |?????????.????| # |........| |.....| |??????????..@I-##%##### ---------- |.....| ---------------- |.....| |.....| ------- Yendorling the Acolyte Experience level: 5 Strength: 10 Dexterity: 13 Constitution: 16 Intelligence: 10 Wisdom: 17 Charisma: 9 Health: 0(42) Energy: 55(55) AC: 6 Gold: 0 Moves: 2147 Your Inventory: Amulets k - an uncursed amulet of magical breathing Weapons a - a blessed +1 mace (weapon in hand) Armor b - an uncursed +0 robe (being worn) c - an uncursed +0 small shield (being worn) x - an uncursed +0 iron skull cap [orcish helm] (being worn) Comestibles e - 2 uncursed cloves of garlic f - an uncursed sprig of wolfsbane Scrolls s - a cursed scroll of taming w - an uncursed scroll of create monster Spellbooks g - an uncursed spellbook of light h - an uncursed spellbook of cure sickness A - an uncursed stylish spellbook [of jumping] B - an uncursed light brown spellbook [of create monster] Potions d - 4 potions of holy water u - an uncursed potion of levitation y - an uncursed potion of oil Rings p - an uncursed ring of conflict Wands j - an uncursed wand of light [0:12] Tools i - an uncursed leather drum l - an uncursed tinning kit [0:90] q - an uncursed lock pick v - an uncursed beartrap Gems n - an uncursed blue gem [worthless glass] Spells known in the end: Name Level Category Fail Memory a - light 1 divination 0% [||||||||] b - cure sickness 3 healing 87% [||||||||] Your skills at the end: Fighting Skills Weapon Skills mace [Basic / Expert] Spellcasting Skills clerical spells [Basic / Expert] Final Attributes: You were devoutly aligned. Hunger level was 130. Your alignment was 19 / 20. Monster difficulty range was 0 - 5. Level difficulty was 5. You were immune to sleep. You resisted poison. You were blinded. You saw invisible. You had infravision. Your luck was zero. You are dead. Vanquished creatures: a water nymph a yellow light a ghoul a floating eye a kitten a werejackal a hobgoblin 2 brown molds 2 garter snakes 7 jackals a kobold a grid bug 4 lichens a kobold zombie 4 newts 29 creatures vanquished. Voluntary challenges: You were an atheist. You used a wielded weapon 33 times. You read items or engraved 1 time. You put on armor 6 times. You never genocided any monsters. You never polymorphed an object. You never changed form. You used no wishes. You never wrote Elbereth's name. You never encountered a bones level. You never used any Sokoban shortcuts. Dungeon overview: The Dungeons of Doom: levels 1 to 5 Level 1 an altar a long staircase Level 3 a fountain a long staircase Level 4 an altar Level 5 <- You were here a scroll shop History has recorded: On T:1 you entered the Dungeons of Doom to retrieve the Amulet of Yendor! On T:422 you advanced to experience level 2. On T:440 you reached level 2 of The Dungeons of Doom. On T:700 you reached level 3 of The Dungeons of Doom. On T:832 you advanced to experience level 3. On T:969 you reached level 4 of The Dungeons of Doom. On T:1179 you advanced to experience level 4. On T:1517 you reached level 5 of The Dungeons of Doom. On T:2138 you advanced to experience level 5. Latest messages: The yellow light explodes! You are blinded by a blast of light! Wait! There's something there you can't see! It gets angry! You hear a nearby zap. The wand hits you! The wand hits it. You have a sad feeling for a moment, then it passes. You hear a nearby zap. The wand misses you. [HP-7=29] You try to feel what is lying here on the floor. You feel here an uncursed scroll labeled VAS CORP BET MANI (534 zorkmids). You hear a nearby zap. The wand misses you. You miss it. You hear a nearby zap. The wand hits you! You hear a nearby zap. The wand hits you! You die... Enniscorthy takes all your possessions. Final status: Goodbye Yendorling the Priest... You died in The Dungeons of Doom on dungeon level 5 with 640 points, and 0 pieces of gold, after 2147 moves. You were level 5 with a maximum of 42 hit points when you died.